 Dungeon Crawl Stone Soup version 0.22.1-6-g1668fe2 (webtiles) character file.

63399 Malhgor the Bludgeoner (level 14, -1/189 (190) HPs)
             Began as a Minotaur Berserker on Jan 25, 2019.
             Was a High Priest of Trog.
             Slain by an orc knight
             ... wielding a +0 battleaxe
              (32 damage)
             ... on level 2 of the Orcish Mines on Jan 27, 2019.
             The game lasted 02:00:51 (20194 turns).

Malhgor the Bludgeoner (Minotaur Berserker)        Turns: 20194, Time: 02:00:51

HP:   -1/189 (190)  AC: 29    Str: 28    XL:     14   Next: 67%
MP:   19/19         EV: 13    Int:  3    God:    Trog [*****.]
Gold: 2207          SH:  0    Dex: 12    Spells: 13/13 levels left

rFire    + . .     SeeInvis .   a - +2 great mace of the Key {crush, rElec}
rCold    . . .     Gourm    .   (shield currently unavailable)
rNeg     + . .     Faith    .   s - +0 plate armour
rPois    +         Spirit   .   L - +2 hat
rElec    +         Reflect  .   k - +2 cloak
rCorr    .         Harm     .   I - +0 pair of gloves of the Heron {rPois rN+ Int-3 Stlth+}
MR       ++...     Clarity  +   M - +2 pair of boots of the Assassin {Detection Stab+ Stlth++}
Stlth    ..........             G - amulet of regeneration
HPRegen  0.81/turn              V - ring of protection from fire
MPRegen  0.16/turn              y - ring of protection from magic

@: berserking, very quick
A: retaliatory headbutt, horns 2, iridescent scales 1, clarity, shaggy fur 1,
MP-powered wands
a: Berserk, Trog's Hand, Brothers in Arms, Renounce Religion


You were on level 2 of the Orcish Mines.
You worshipped Trog.
Trog was extremely pleased with you.
You were near starving.

You visited 4 branches of the dungeon, and saw 19 of its levels.
You also visited: Bailey.

You collected 2722 gold pieces.
You spent 515 gold pieces at shops.

Inventory:

Hand Weapons
 a - the +2 great mace of the Key (weapon) {crush, rElec}
   (Trog gifted it to you on level 6 of the Lair of Beasts)

   It inflicts extra damage upon your enemies.
   It insulates you from electricity.
 b - a +5 shortbow of velocity
 m - a +2 antimagic morningstar
Missiles
 p - 271 arrows
Armour
 k - a +2 cloak (worn)
 s - a +0 plate armour (worn)
 I - the +0 pair of gloves of the Heron (worn) {rPois rN+ Int-3 Stlth+}
   (You found it on level 2 of the Lair of Beasts)

   It affects your intelligence (-3).
   It protects you from poison.
   It protects you from negative energy.
   It makes you more stealthy.
 L - a +2 hat (worn)
 M - the +2 pair of boots of the Assassin (worn) {Detection Stab+ Stlth++}
   (You found it on level 2 of the Lair of Beasts)

   It makes you much more stealthy.
Jewellery
 e - an uncursed ring of resist corrosion
 q - an uncursed ring of protection from fire
 r - an uncursed ring of fire
 t - an uncursed ring of protection from magic
 y - a ring of protection from magic (right hand)
 E - an uncursed ring of ice
 G - an amulet of regeneration (around neck)
 V - a ring of protection from fire (left hand)
 W - an uncursed ring of protection from cold
Wands
 v - a wand of polymorph (15)
 x - a wand of acid (20)
 J - a wand of clouds (4)
 S - a wand of scattershot (3)
 Z - a wand of iceblast (5)
Scrolls
 g - 10 scrolls of identify
 j - 8 scrolls of remove curse
 l - 4 scrolls of teleportation
 o - 2 scrolls of blinking
 z - 7 scrolls of enchant armour
 O - 3 scrolls of fog
Potions
 f - 2 potions of might
 h - 3 potions of heal wounds
 i - 11 potions of curing
 u - a potion of magic
 A - a potion of ambrosia
 B - a potion of agility
 K - a potion of brilliance
 N - 2 potions of haste
 P - a potion of flight
 R - a potion of resistance
 Y - a potion of cancellation
Miscellaneous
 n - a box of beasts
Comestibles
 c - 34 rations
 d - 2 chunks of flesh


   Skills:
 - Level 12.5 Fighting
 + Level 16.8 Maces & Flails
 - Level 10.1 Bows
 - Level 12.3 Armour
 - Level 11.4 Dodging
 - Level 8.6 Evocations


You had 13 spell levels left.
You didn't know any spells.
Your spell library was empty.

Dungeon Overview and Level Annotations

Branches:
Dungeon (10/15)            Temple (1/1) D:5            Lair (6/6) D:9
 Shoals (0/4) Lair:3        Snake (0/4) Lair:3        Slime (0/5) Lair:5
    Orc (2/2) D:9             Elf (0/3) Orc:2

Altars:
Ashenzari
Cheibriados
Dithmenos
Elyvilon
Fedhas
Gozag
Hepliaklqana
Kikubaaqudgha
Makhleb
Nemelex Xobeh
Okawaru
Qazlal
Ru
Sif Muna
Trog
Uskayaw
Vehumet
Wu Jian
Xom
Yredelemnul
Zin
The Shining One
Beogh

Shops:
D:9 [(   D:10 *

Annotations:
D:1 Done
D:2 Done
D:3 Done
D:4 Done
D:5 Done
D:6 Done
D:7 Done
D:8 Done
D:9 Done
D:10 Done
Lair:1 Done
Lair:2 Done
Lair:3 Done
Lair:4 Done
Lair:5 Done
Lair:6 Done
Orc:1 Done


Innate Abilities, Weirdness & Mutations

You reflexively headbutt those who attack you in melee.
You have a pair of horns on your head.
You are partially covered in iridescent scales. (AC +2)
You possess an exceptional clarity of mind.
You are covered in fur. (AC +1)
You expend magic power (3 MP) to strengthen your wands.


Message History

Trog accepts your kill.
You hit the orc knight.
The orc knight is lightly wounded.
The orc knight barely misses you.
You bludgeon the orc knight!! You headbutt the orc knight!
The orc knight is severely wounded.
Your iron troll bites the orc knight.
Your iron troll claws the orc knight! x2
The orc knight dies!
Trog accepts your kill.
You completely miss the orc priest. The orc knight closely misses you.
Your iron troll bites the orc priest!
Your iron troll claws the orc priest!!
The orc priest dies!
Trog accepts your kill.
You sock the orc warrior! Your headbutt misses the orc warrior.
The orc warrior is heavily wounded.
Your iron troll bites the orc warrior!!!
The orc warrior dies!
Trog accepts your kill.
The orc knight hits you with a battleaxe!!
You die...

#. ### ##.. ##... #.#.. ### ###..
##.## ### #T).# # #.@## # .(..
....###.oo###
....#...#....##.....## ###
......o......####....##### ##.##
....#...#(...# ##...#.##.####...#
.........(...###...........#...##
....#...#(...##......)).........#
#.....oo.)..# #.......)))(.....##
#...#...#)..# #...........(......


You could see 2 orc knights and a friendly iron troll (berserk).

Vanquished Creatures
  The ghost of Trampli the Fencer, a journeyman MiFi of Okawaru (Lair:5)
  The ghost of Tinuaf the Spear-Bearer, a journeyman MfGl of Nemelex Xobeh (Lair:5)
  A fire dragon (Lair:6)
  Erolcha (D:9)
  A catoblepas (Lair:6)
  5 hydras
  The ghost of Efenat the Covert, a journeyman SpEn of Dithmenos (Lair:2)
  2 two-headed ogres
  3 death yaks (Lair:6)
  3 orc high priests
  A spectral death yak (Lair:2)
  An orc knight (Bailey)
  3 lindwurms (Lair:6)
  3 oklob plants
  A faun (Lair:3)
  2 orc sorcerers (Orc:2)
  2 manticores (Lair:6)
  14 elephants
  3 black mambas
  6 torpor snails (Lair:6)
  10 spiny frogs
  10 komodo dragons
  A rime drake (Lair:6)
  3 trolls
  4 tyrant leeches (Lair:6)
  2 polar bears (Lair:2)
  2 merfolk (Lair:3)
  7 hornets
  Prince Ribbit (D:5)
  Grinder (D:5)
  10 blink frogs
  2 dream sheep (Lair:6)
  A spectral black mamba (Lair:2)
  12 hippogriffs
  30 yaks
  2 spectral komodo dragons (Lair:2)
  2 wyverns
  3 basilisks
  A death yak simulacrum (Lair:2)
  5 wargs (Orc:1)
  3 nagas (Lair:3)
  9 water moccasins
  7 porcupines
  5 ice beasts
  2 black mamba simulacra (Lair:2)
  32 orc warriors
  A black bear (Lair:2)
  3 phantoms
  2 sky beasts
  14 ogres
  A necrophage (D:6)
  51 wolves
  2 centaurs
  16 crocodiles
  A big kobold (D:7)
  12 bullfrogs
  A gnoll sergeant (D:3)
  2 scorpions
  4 killer bees (D:9)
  5 howler monkeys
  2 crimson imps
  2 bullfrog zombies
  2 hounds
  A bullfrog skeleton (D:6)
  2 centaur skeletons
  20 orc priests
  A gnoll shaman (D:3)
  15 jellies
  3 iguanas
  8 orc wizards
  7 worker ants
  A hound zombie (D:9)
  A hound skeleton (D:9)
  A howler monkey zombie (D:9)
  50 gnolls
  10 adders
  A shadow imp (D:9)
  3 oozes
  3 worms
  3 dart slugs
  6 leopard geckos
  69 orcs
  4 giant cockroaches
  4 goblins
  3 hobgoblins
  28 jackals
  10 kobolds
  3 quokkas
  A ball python (D:2)
  3 bats
  5 frilled lizards
  A leopard gecko skeleton (D:4)
  6 rats
  A rat zombie (D:3)
  A fungus (Lair:6)
  A plant (Lair:1)
619 creatures vanquished.

Vanquished Creatures (collateral kills)
  An orc knight (Orc:2)
  2 orc warriors (Orc:2)
  An orc priest (Orc:2)
4 creatures vanquished.

Vanquished Creatures (others)
  An orc warrior (Bailey)
  15 fungi
  22 plants
  2 withered plants (Lair:5)
40 creatures vanquished.

Grand Total: 663 creatures vanquished

Notes
Turn   | Place    | Note
-------+----------+-------------------------------------------
     0 | D:1      | Malhgor the Minotaur Berserker began the quest for the Orb.
     0 | D:1      | Reached XP level 1. HP: 19/19 MP: 0/0
    38 | D:1      | Reached XP level 2. HP: 17/27 MP: 1/1
   695 | D:1      | Reached skill level 4 in Maces & Flails
   912 | D:2      | Reached XP level 3. HP: 25/33 MP: 2/2
   962 | D:2      | Reached ** piety under Trog
  1018 | D:2      | Found a sparkling altar of Nemelex Xobeh.
  1763 | D:3      | Reached XP level 4. HP: 39/40 MP: 3/3
  2212 | D:3      | Reached XP level 5. HP: 29/47 MP: 4/4
  2271 | D:3      | Reached *** piety under Trog
  2331 | D:3      | Reached skill level 5 in Maces & Flails
  2367 | D:3      | Reached skill level 5 in Fighting
  2406 | D:3      | Reached XP level 6. HP: 29/56 MP: 5/5
  2808 | D:3      | Reached skill level 5 in Armour
  2814 | D:3      | Reached XP level 7. HP: 58/62 MP: 6/6
  3077 | D:4      | Reached skill level 6 in Maces & Flails
  3215 | D:3      | Found an ancient bone altar of Kikubaaqudgha.
  3427 | D:5      | Entered Level 5 of the Dungeon
  3508 | D:4      | Reached **** piety under Trog
  3517 | D:4      | Reached skill level 5 in Dodging
  3584 | D:4      | Found a glowing golden altar of the Shining One.
  3719 | D:5      | Found a staircase to the Ecumenical Temple.
  3729 | Temple   | Entered the Ecumenical Temple
  3965 | D:5      | Noticed Grinder
  3986 | D:5      | Killed Grinder
  3986 | D:5      | Reached skill level 1 in Evocations
  3986 | D:5      | Reached XP level 8. HP: 38/71 MP: 7/7
  4243 | D:5      | Noticed Prince Ribbit
  4367 | D:5      | Killed Prince Ribbit
  4367 | D:5      | Reached skill level 7 in Maces & Flails
  4928 | D:5      | Found a deep blue altar of Sif Muna.
  5533 | D:6      | Reached skill level 8 in Maces & Flails
  5784 | D:7      | Reached skill level 9 in Maces & Flails
  5798 | D:7      | Reached skill level 1 in Bows
  6071 | D:6      | Reached skill level 10 in Maces & Flails
  6196 | D:6      | Reached XP level 9. HP: 64/77 MP: 9/9
  6294 | D:6      | Found a bloodstained altar of Trog.
  6840 | D:7      | Found a shadowy altar of Dithmenos.
  6927 | D:7      | Reached skill level 11 in Maces & Flails
  7373 | D:8      | Reached skill level 12 in Maces & Flails
  7890 | D:9      | Noticed Erolcha
  7903 | D:9      | Killed Erolcha
  7903 | D:9      | Reached XP level 10. HP: 85/85 MP: 10/10
  8382 | D:10     | Entered Level 10 of the Dungeon
  8400 | D:9      | Found Zuoteag's Armour Shoppe.
  8417 | D:9      | Received a gift from Trog
  8599 | D:9      | Found a staircase to the Orcish Mines.
  8602 | D:9      | Found Pitz's Weapon Shoppe.
  8630 | D:9      | Bought a +2 hat for 224 gold pieces
  8634 | D:9      | Bought a +2 morningstar of protection for 201 gold pieces
  8720 | D:9      | Gained mutation: You are occasionally teleported next to
                  | monsters. [potion of mutation]
  8720 | D:9      | Gained mutation: You are partially covered in iridescent
                  | scales. (AC +2) [potion of mutation]
  8720 | D:9      | Gained mutation: You are partially covered in molten
                  | scales. (AC +2) [potion of mutation]
  8764 | D:9      | Reached ***** piety under Trog
  9022 | D:9      | Found a staircase to the Lair.
  9024 | D:9      | Reached skill level 13 in Maces & Flails
  9091 | D:8      | Found a bloodstained altar of Trog.
  9091 | D:8      | Found a sacrificial altar of Ru.
  9094 | D:8      | Found a burning altar of Makhleb.
  9603 | D:10     | Found Wiah's General Store.
  9607 | D:10     | Bought a scroll of enchant weapon for 90 gold pieces
 10308 | D:10     | Noticed a two-headed ogre
 10318 | D:10     | Killed a two-headed ogre
 10425 | Lair:1   | Entered Level 1 of the Lair of Beasts
 10448 | Lair:1   | Reached XP level 11. HP: 76/94 MP: 13/13
 10567 | Lair:1   | Reached skill level 5 in Bows
 10881 | Lair:1   | Received a gift from Trog
 11393 | Lair:1   | Noticed an oklob plant
 11393 | Lair:1   | Noticed an oklob plant
 11420 | Lair:1   | Killed an oklob plant
 11431 | Lair:1   | Killed an oklob plant
 11431 | Lair:1   | Reached skill level 5 in Evocations
 12235 | Lair:2   | Found a runed gate.
 12235 | Lair:2   | Found a runed gate.
 12235 | Lair:2   | Found a runed gate.
 12252 | Lair:2   | Noticed Efenat's ghost (journeyman SpEn)
 12371 | Lair:2   | Got a pair of twisted gloves
 12377 | Lair:2   | Identified the +0 pair of gloves of the Heron {rPois rN+
                  | Int-3 Stlth+} (You found it on level 2 of the Lair of
                  | Beasts)
 12396 | Lair:2   | Reached skill level 14 in Maces & Flails
 12629 | Lair:2   | Noticed a six-headed hydra
 12633 | Lair:2   | Killed a six-headed hydra
 12633 | Lair:2   | Reached XP level 12. HP: 105/105 MP: 15/15
 12690 | Lair:2   | Found the +2 pair of boots of the Assassin {Detection Stab+
                  | Stlth++}
 12740 | Lair:2   | Reached skill level 10 in Fighting
 13172 | Lair:3   | Reached skill level 10 in Armour
 13376 | Lair:3   | Noticed a five-headed hydra
 13390 | Lair:3   | Killed a five-headed hydra
 13830 | Lair:3   | Found a staircase to the Snake Pit.
 13953 | Lair:3   | Found a staircase to the Shoals.
 14079 | Lair:4   | Received a gift from Trog
 14766 | Lair:5   | Noticed a six-headed hydra
 14775 | Lair:5   | Killed a six-headed hydra
 14840 | Lair:5   | Reached skill level 10 in Dodging
 14872 | Lair:5   | Noticed a four-headed hydra
 14880 | Lair:5   | Killed a four-headed hydra
 14880 | Lair:5   | Reached XP level 13. HP: 99/115 MP: 17/17
 14999 | Lair:5   | Found a staircase to the Slime Pits.
 15584 | Lair:5   | Found a runed gate.
 15584 | Lair:5   | Found a runed gate.
 15584 | Lair:5   | Found a runed gate.
 15598 | Lair:5   | Noticed Trampli's ghost (journeyman MiFi)
 15600 | Lair:5   | Noticed Tinuaf's ghost (journeyman MfGl)
 15830 | Lair:2   | Killed Efenat's ghost
 15881 | Lair:2   | Lost mutation: You are partially covered in molten scales.
                  | (AC +2) [potion of mutation]
 15881 | Lair:2   | Lost mutation: You are occasionally teleported next to
                  | monsters. [potion of mutation]
 15881 | Lair:2   | Gained mutation: You expend magic power (3 MP) to
                  | strengthen your wands. [potion of mutation]
 15881 | Lair:2   | Gained mutation: You are covered in fur. (AC +1) [potion of
                  | mutation]
 15881 | Lair:2   | Gained mutation: You possess an exceptional clarity of
                  | mind. [potion of mutation]
 16061 | Lair:6   | Entered Level 6 of the Lair of Beasts
 17026 | Lair:6   | Reached ****** piety under Trog
 17026 | Lair:6   | Received a gift from Trog
 17037 | Lair:6   | Got a jewelled great mace {god gift}
 17038 | Lair:6   | Identified the +2 great mace of the Key {crush, rElec}
                  | (Trog gifted it to you on level 6 of the Lair of Beasts)
 17278 | Lair:6   | Reached XP level 14. HP: 125/125 MP: 19/19
 17425 | Lair:6   | Reached skill level 10 in Bows
 17670 | Lair:6   | Paralysed by a hornet for 1 turns
 17718 | Lair:6   | Found a runed door.
 18216 | Lair:5   | Killed Trampli's ghost
 18216 | Lair:5   | Reached skill level 15 in Maces & Flails
 18231 | Lair:5   | Killed Tinuaf's ghost
 18438 | Orc:1    | Entered Level 1 of the Orcish Mines
 18481 | Orc:1    | Found a flagged portal.
 18506 | Bailey   | Entered a bailey
 18532 | Bailey   | Received a gift from Trog
 18973 | Orc:2    | Entered Level 2 of the Orcish Mines
 19070 | Orc:1    | Received a gift from Trog
 19408 | Orc:2    | Received a gift from Trog
 19408 | Orc:2    | Reached skill level 16 in Maces & Flails
 19734 | Orc:2    | Received a gift from Trog
 19905 | Orc:2    | Found a roughly hewn altar of Beogh.
 20000 | Orc:2    | Found a staircase to the Elven Halls.
 20194 | Orc:2    | Slain by an orc knight

Skill      XL: |  1  2  3  4  5  6  7  8  9 10 11 12 13 14 |
---------------+-------------------------------------------+-----
Fighting       | 4 5 6 7 8 9 11 12 | 12.5
Maces & Flails | 4 5 6 10 12 13 14 16 | 16.8
Armour         | 3 4 5 6 7 9 10 12 | 12.3
Dodging        | 3 4 5 6 7 8 10 11 | 11.4
Evocations     | 1 2 4 5 7 8 |  8.6
Bows           | 1 2 4 6 8 9 10 | 10.1

Action                   |  1- 3 |  4- 6 |  7- 9 | 10-12 | 13-15 || total
-------------------------+-------+-------+-------+-------+-------++-------
Melee: Mace              |    79 |   153 |       |       |       ||   232
       Headbutt          |    17 |    34 |    76 |   137 |   168 ||   432
       Flail             |       |     9 |   373 |    81 |       ||   463
       Morningstar       |       |       |       |   601 |   362 ||   963
       Great mace        |       |       |       |       |   348 ||   348
 Fire: Shortbow          |       |       |     7 |    75 |   163 ||   245
Invok: Berserk           |     1 |     4 |     4 |     7 |     8 ||    24
       Trog's Hand       |       |     3 |     1 |     1 |       ||     5
       Brothers in Arms  |       |       |       |       |     1 ||     1
Evoke: Wand              |       |       |       |       |     4 ||     4
  Use: Potion            |       |     1 |     1 |     7 |     1 ||    10
       Scroll            |       |       |     1 |     3 |    23 ||    27
 Stab: Petrified         |       |       |       |       |     1 ||     1
  Eat: Chunk             |     3 |     8 |    18 |    29 |    24 ||    82
       Ration            |       |       |     1 |       |       ||     1
Armor: Animal skin       |    17 |       |       |       |       ||    17
       Leather armour    |     8 |     4 |       |       |       ||    12
       Plate armour      |       |   133 |   196 |   552 |   528 ||  1409
Dodge: Dodged            |    65 |    99 |   149 |   481 |   463 ||  1257
